 Dungeon Sprint DCSS version 0.21.1-1-g345015f (webtiles) character file.

11644 raistware the Ninja (level 11, -6/60 HPs)
             Began as a Spriggan Assassin on Apr 15, 2018.
             Was an Initiate of Gozag.
             Mangled by a lorocyproca (37 damage)
             ... in the Dungeon (Sprint I: "Red Sonja").
             The game lasted 00:23:15 (2816 turns).

raistware the Ninja (Spriggan Assassin)             Turns: 2816, Time: 00:23:16

Health: -6/60      AC:  3    Str:  7    XL:     11   Next: 52%
Magic:  0/12       EV: 37    Int: 21    God:    Gozag
Gold:   2187       SH:  0    Dex: 20    Spells: 10/10 levels left

rFire    . . .     SeeInvis +   p - +10 dagger of Ruination {venom, *Slow rPois Int+7}
rCold    . . .     Gourm    .   (shield restricted)
rNeg     . . .     Faith    .   c - +0 robe
rPois    +         Spirit   .   (helmet restricted)
rElec    .         Reflect  .   d - +0 cloak
rCorr    .         Harm     .   (gloves unavailable)
MR       +....     NoTele   +   (boots unavailable)
Stlth    +++++++++.             (no amulet)
HPRegen  0.20/turn              (no ring)
MPRegen  0.13/turn              (no ring)

@: very quick
A: very small, unfitting armour, see invisible, herbivore, speed 3, slow
metabolism 2
a: Potion Petition, Call Merchant, Bribe Branch, Renounce Religion


You were in the Dungeon.
You worshipped Gozag.
Gozag was most pleased with you.
You were not hungry.

You visited 1 branch You collected 4378 gold pieces.
You spent 290 gold pieces at shops.
You paid 1901 gold pieces to Gozag.

Inventory:

Hand Weapons
 a - a +2 dagger
 b - a +0 blowgun
 p - the +10 dagger of Ruination (weapon) {venom, *Slow rPois Int+7}
   (You bought it in a shop in the Dungeon)

   It poisons the flesh of those it strikes.
   It affects your intelligence (+7).
   It protects you from poison.
   It may slow you when you take damage.
 q - a +0 blowgun
Missiles
 e - 8 poisoned needles (quivered)
 f - 8 curare-tipped needles
Armour
 c - a +0 robe (worn)
 d - a +0 cloak (worn)
Jewellery
 r - an uncursed amulet of magic regeneration
Wands
 i - a wand of digging (10)
 n - a wand of flame (22)
 o - a wand of acid (4)
Scrolls
 l - a scroll of remove curse {unknown}
Potions
 h - a potion of curing
 k - 2 potions of magic
Comestibles
 g - 8 rations


   Skills:
 + Level 8.2 Fighting
 - Level 10.0 Short Blades
 - Level 2.0 Throwing
 * Level 21.2 Dodging
 O Level 27 Stealth


You had 10 spell levels left.
You didn't know any spells.

Dungeon Overview and Level Annotations

Branches:
Dungeon (1/1)

Altars:
Cheibriados
Dithmenos
Elyvilon
Fedhas
Gozag
Hepliaklqana
Kikubaaqudgha
Makhleb
Nemelex Xobeh
Okawaru
Qazlal
Ru
Sif Muna
Trog
Uskayaw
Vehumet
Wu Jian
Xom
Yredelemnul
Zin
The Shining One
Jiyva
Lugonu

Shops:
D (%*[*


Innate Abilities, Weirdness & Mutations

You are very small and have problems with some larger weapons.
You are too small for most types of armour.
You have supernaturally acute eyesight. (SInv)
You are a herbivore.
You cover ground extremely quickly.
You need consume almost no food.


Message History

The lorocyproca misses you.
You hit the lorocyproca.
The lorocyproca is moderately wounded.
You puncture the lorocyproca!
The lorocyproca is heavily wounded.
The lorocyproca barely misses you.
You barely miss the lorocyproca.
The lorocyproca is heavily wounded.
You hit the lorocyproca but do no damage.
The lorocyproca is heavily wounded.
The lorocyproca hits you!!
You feel your power leaking away.
You barely miss the lorocyproca.
The lorocyproca is heavily wounded.
You hit the lorocyproca but do no damage.
The lorocyproca is heavily wounded.
The lorocyproca hits you!!!
Ouch! That really hurt!
You die...
Your body crumbles into a pile of gold.

#################################
.['..#__#..'..[#∩(#§§§.§§§§..§§..
..#..'..'..#...##'#§####§§§§§##..
####'#__####[..'..#§#$###§§.#####
...#.####§.#####..+§#+#$###+# $$#
..##.#§≈§§(#§§##@####..$#y#.##$$$
#'#_§§§§§§.+§.#2§^§.#§.$###..###$
'...§#§≈§§(#.§#...§§'..$$$##.#A#$
#_.#'##§#####+###.§.#.....#..###$
##'#[#...[###.+.#.§§###++##.##..$
##.####'###∩###.#§§## #..#+##
'...'.....'.∩##.#..# $$ ##...#
#.).###########.##'#$$ $ $###.#
##.###.......##§# $$$$$$$$$#.#


You could see a lorocyproca (invisible).

Vanquished Creatures
  A hydra (D)
  2 centaur warriors (D)
  Sonja (D)
  A deep troll (D)
  A lindwurm (D)
  5 unseen horrors (D)
  An oklob plant (D)
  A gargoyle (D)
  2 kobold demonologists (D)
  4 demonic crawlers (D)
  A hornet (D)
  A slime creature (D)
  2 redbacks (D)
  Sigmund (D)
  A yak (D)
  13 hogs (D)
  3 floating eyes (D)
  2 necrophages (D)
  An ogre (D)
  6 jellies (D)
  Ijyb (D)
  3 ballistomycetes (D)
  A ballistomycete spore (D)
55 creatures vanquished.

Vanquished Creatures (others)
  A ballistomycete spore (D)
1 creature vanquished.

Grand Total: 56 creatures vanquished

Notes
Turn   | Place    | Note
-------+----------+-------------------------------------------
     0 | D        | raistware the Spriggan Assassin began the quest for the Orb.
     0 | D        | Reached XP level 1. HP: 10/10 MP: 2/2
     2 | D        | Noticed Ijyb
     4 | D        | Killed Ijyb
     4 | D        | Reached skill level 10 in Stealth
     4 | D        | Reached XP level 2. HP: 14/14 MP: 3/3
     7 | D        | Noticed an ogre
    10 | D        | Killed an ogre
    10 | D        | Reached skill level 13 in Stealth
    10 | D        | Reached XP level 3. HP: 18/18 MP: 4/4
    10 | D        | Reached XP level 4. HP: 22/22 MP: 5/5
    13 | D        | Noticed Sigmund
    15 | D        | Killed Sigmund
    15 | D        | Reached skill level 16 in Stealth
    15 | D        | Reached XP level 5. HP: 25/25 MP: 6/6
    40 | D        | Found an ornate altar of the Wu Jian Council.
    40 | D        | Found a deep blue altar of Sif Muna.
    42 | D        | Found a radiant altar of Vehumet.
    54 | D        | Reached XP level 6. HP: 30/30 MP: 7/7
    95 | D        | Found Acifes's Food Emporium.
    95 | D        | Found an ancient bone altar of Kikubaaqudgha.
    95 | D        | Found a stormy altar of Qazlal.
    95 | D        | Found a blossoming altar of Fedhas.
    95 | D        | Found a bloodstained altar of Trog.
    95 | D        | Found an iron altar of Okawaru.
    95 | D        | Found a glowing golden altar of the Shining One.
    95 | D        | Found a glowing silver altar of Zin.
    95 | D        | Found a white marble altar of Elyvilon.
    95 | D        | Noticed a yak
    96 | D        | Found a hazy altar of Hepliaklqana.
    96 | D        | Found a hide-covered altar of Uskayaw.
    96 | D        | Found a basalt altar of Yredelemnul.
    96 | D        | Found an opulent altar of Gozag.
    96 | D        | Found a snail-covered altar of Cheibriados.
    96 | D        | Found a sacrificial altar of Ru.
    96 | D        | Found a shadowy altar of Dithmenos.
    97 | D        | Killed a yak
    97 | D        | Reached skill level 18 in Stealth
    98 | D        | Found a sparkling altar of Nemelex Xobeh.
   101 | D        | Became a worshipper of Gozag Ym Sagoz the Greedy
   104 | D        | Bought a ration for 50 gold pieces
   104 | D        | Bought a ration for 50 gold pieces
   104 | D        | Bought a ration for 50 gold pieces
   116 | D        | Found a viscous altar of Jiyva.
   116 | D        | Found a corrupted altar of Lugonu.
   116 | D        | Noticed a slime creature
   117 | D        | Found a burning altar of Makhleb.
   117 | D        | Found a shimmering altar of Xom.
   119 | D        | Killed a slime creature
   119 | D        | Reached skill level 19 in Stealth
   119 | D        | Reached XP level 7. HP: 33/33 MP: 8/8
   132 | D        | Noticed a kobold demonologist
   133 | D        | Noticed a kobold demonologist
   135 | D        | Killed a kobold demonologist
   135 | D        | Reached skill level 21 in Stealth
   137 | D        | Killed a kobold demonologist
   137 | D        | Reached XP level 8. HP: 37/37 MP: 9/9
   138 | D        | Reached skill level 22 in Stealth
   148 | D        | Noticed a demonic crawler
   148 | D        | Noticed a demonic crawler
   148 | D        | Noticed a demonic crawler
   148 | D        | Noticed a demonic crawler
   150 | D        | Killed a demonic crawler
   150 | D        | Reached skill level 10 in Short Blades
   170 | D        | Noticed a centaur warrior
   171 | D        | Noticed a centaur warrior
   173 | D        | Killed a centaur warrior
   173 | D        | Reached skill level 24 in Stealth
   173 | D        | Reached XP level 9. HP: 37/41 MP: 10/10
   174 | D        | Killed a centaur warrior
   174 | D        | Reached skill level 26 in Stealth
   186 | D        | Reached skill level 5 in Dodging
   198 | D        | Noticed an oklob plant
   200 | D        | Killed an oklob plant
   238 | D        | Noticed a deep troll
   240 | D        | Killed a deep troll
   240 | D        | Reached skill level 27 in Stealth
   256 | D        | Found Nuemonwo's Armour Emporium.
   266 | D        | Bought an ancient dagger for 140 gold pieces
   266 | D        | Identified the +10 dagger of Ruination {venom, *Slow rPois Int+7} (You bought it in a shop in the Dungeon)
   273 | D        | Noticed Sonja
   276 | D        | Killed Sonja
   276 | D        | Reached XP level 10. HP: 49/49 MP: 11/11
   294 | D        | Found Roatt's Antique Weapon Boutique.
   640 | D        | Noticed an unseen horror
   640 | D        | Noticed an unseen horror
  1520 | D        | Noticed a gargoyle
  1531 | D        | Noticed a lindwurm
  1533 | D        | Killed a lindwurm
  1533 | D        | Reached skill level 5 in Fighting
  1533 | D        | Reached skill level 15 in Dodging
  1624 | D        | Reached XP level 11. HP: 29/57 MP: 12/12
  1862 | D        | Noticed a 12-headed hydra
  1864 | D        | Killed a 12-headed hydra
  1884 | D        | Noticed a deep elf annihilator
  2135 | D        | Noticed a daeva
  2139 | D        | Noticed an unseen horror
  2139 | D        | Noticed an unseen horror
  2139 | D        | Noticed an unseen horror
  2139 | D        | Noticed an unseen horror
  2152 | D        | Killed an unseen horror
  2169 | D        | Killed an unseen horror
  2176 | D        | Killed an unseen horror
  2177 | D        | Noticed an unseen horror
  2380 | D        | Killed an unseen horror
  2382 | D        | Killed an unseen horror
  2395 | D        | Noticed a fire giant
  2535 | D        | Noticed a lorocyproca
  2816 | D        | Mangled by a lorocyproca

Skill      XL: |  1  2  3  4  5  6  7  8  9 10 11 |
---------------+----------------------------------+-----
Short Blades   | 3 4 6 8 9 10 | 10.0
Stealth        | 10 13 16 19 21 24 27 | 27.0
Dodging        | 2 3 11 17 21 | 21.2
Fighting       | 3 6 8 |  8.2
Throwing       | |  2.0

Action                   |  1- 3 |  4- 6 |  7- 9 | 10-12 || total
-------------------------+-------+-------+-------+-------++-------
Melee: Dagger            |     2 |     8 |    12 |   217 ||   239
 Fire: Blowgun           |       |       |       |     8 ||     8
Invok: Call Merchant     |       |       |     1 |     1 ||     2
       Potion Petition   |       |       |     1 |     1 ||     2
  Use: Potion            |       |     2 |     1 |     4 ||     7
       Scroll            |       |       |       |     2 ||     2
 Stab: Sleeping          |     2 |     3 |     9 |    15 ||    29
       Distracted        |       |       |     1 |     5 ||     6
Armor: Robe              |       |       |     1 |     2 ||     3
Dodge: Dodged            |       |     3 |     4 |   167 ||   174
